 Dungeon Crawl Stone Soup version 0.32-a0-422-g28b100f618 (webtiles) character file.

Game seed: 2356672766146501576

662 Xavori the Trooper (level 7, -1/46 HPs)
             Began as a Djinni Chaos Knight on Feb 21, 2024.
             Was a Plaything of Xom.
             Slain by a lemure (7 damage)
             ... led by Pikel
             ... on level 3 of the Dungeon.
             The game lasted 00:05:16 (11379 turns).

Xavori the Trooper (Djinni Chaos Knight)           Turns: 11379, Time: 00:05:16

Health: -1/46      AC:  5    Str: 13 (14) XL:     7   Next: 87%
Gold:   199        EV: 13    Int: 14      God:    Xom [..*...] SH:  0 Dex: 16

rFire   + + +        a - +0 falchion (chaos)
rCold   . . .        (no shield)
rNeg    . . .        b - +2 leather armour
rPois   ∞            (no helmet)
rElec   .            (no cloak)
rCorr   .            (no gloves)
SInv    .            (boots unavailable)
Will    +....        (no amulet)
Stlth   ++           o - ring of Red Wine {Wiz rC+ Str+3}
HPRegen 0.27/turn    (no ring)
MPRegen 0.00/turn

%: clarity, wizardry (x1), infuse magic (-2 HP)
@: weak-willed, flying
A: sickness immunity, fire resistance 3, cold vulnerability 1, float, innate
caster, HP casting, extra vitality 1, claws 1, thin skeletal structure 1,
clarity, frail 1, strong-willed 2, screaming 1, MP-powered wands
a: Renounce Religion


You were on level 3 of the Dungeon.
You worshipped Xom.
You were a toy of Xom.
You visited 1 branch of the dungeon, and saw 4 of its levels.

You collected 199 gold pieces.

Inventory:

Hand Weapons
 a - a +0 falchion of chaos (weapon)
Armour
 b - a +2 leather armour (worn)
Jewellery
 o - the ring of Red Wine (left claw) {Wiz rC+ Str+3}
   (Xom gifted it to you on level 1 of the Dungeon)

   [ring of wizardry]

   Wiz:       It improves your spell success rate.
   Str+3:     It affects your strength (+3).
   rC+:       It protects you from cold.
 s - a ring of fire
Wands
 l - a wand of flame (28)
 m - a wand of charming (11)
 n - a wand of light (8)
Scrolls
 c - a scroll of fear {unknown}
 f - 2 scrolls of fog
 i - 2 scrolls of noise {unknown}
 p - a scroll of torment
 r - a scroll of vulnerability
 t - a scroll of enchant armour
Potions
 d - 2 potions of might {unknown}
 e - 2 potions of lignification
 k - 2 potions of enlightenment {unknown}


   Skills:
 + Level 4.1 Fighting
 + Level 3.7 Long Blades
 + Level 2.9 Armour
 + Level 3.8 Dodging
 * Level 2.8 Spellcasting
 * Level 2.8 Conjurations
 * Level 2.8 Hexes
   Level 0.0 Charms
 * Level 2.8 Summonings
 * Level 2.8 Necromancy
 * Level 2.8 Translocations
   Level 0.0 Transmutations
 * Level 2.8 Fire Magic
 * Level 2.8 Ice Magic
 * Level 2.8 Air Magic
 * Level 2.8 Earth Magic
 * Level 2.8 Alchemy
 * Level 3.4 Evocations


You knew the following spells:

 Your Spells              Type           Power      Damage    Failure   Level
a - Summon Small Mammal   Summ           40%        N/A       3%          1
b - Jinxbite              Hex            20%        N/A       5%          2
c - Momentum Strike       Conj/Tloc      20%        3d8       5%          2
Your spell library was empty.

Dungeon Overview and Level Annotations

Branches:
Dungeon (4/15)
 Temple: D:4-7

Altars:
Xom

Annotations:
D:4 Pikel


Innate Abilities, Weirdness & Mutations

You are immune to sickness and miasma.
You are immune to poison.
Your flesh is almost immune to the effects of heat. (rF+++)
You are vulnerable to cold. (rC-)
You float through the air rather than walking.
You learn spells naturally, not from books.
Your magical power is your life essence.
You have superior vitality. (+4 MHP)
You have sharp fingernails.
You have a somewhat thin skeletal structure. (Dex +2, Stealth+)
You possess an exceptional clarity of mind.
You are frail. (-10% HP)
You are highly strong-willed. (Will++)
You occasionally shout uncontrollably at your foes.
You expend health (3 HP) to strengthen your wands.


Message History

The quasit closely misses you. x2
The white imp gestures at you. The puff of frost hits you!
The lemure attacks as it pursues you! The lemure closely misses you.
You closely miss the ufetubus. The ufetubus slips past you!
The ufetubus hits you. The ufetubus misses you. The quasit bites you.
The quasit claws you.
* * * LOW HITPOINT WARNING * * *
The quasit misses you. The ufetubus barely misses you. The ufetubus misses you.
The white imp gestures at you. The puff of frost hits you.
* * * LOW HITPOINT WARNING * * *
The lemure hits you.
* * * LOW HITPOINT WARNING * * *
The quasit closely misses you.
The quasit claws you but does no damage.
The quasit closely misses you. The white imp spits at you.
The white imp hits you but does no damage.
The lemure seems less drained.
The white imp attacks as it pursues you!
The white imp hits you but does no damage.
There is an escape hatch in the ceiling here.
The lemure hits you.
* * * LOW HITPOINT WARNING * * *
A mysterious force pulls you upwards. The hatch slams shut behind you.
You hit the lemure.
The lemure is poisoned.
The lemure is lightly wounded.
You are now a toy of Xom.
The lemure closely misses you.
You hit the lemure.
The lemure convulses.
The lemure is heavily wounded.
The lemure hits you but does no damage.
You barely miss the lemure.
The lemure is heavily wounded.
The lemure barely misses you.
You hit the lemure.
The lemure is heavily wounded.
The lemure hits you!
You die...

#.# #.#
#...#######.###(## #.#
#.# #.#.............#
#.######.#
#...#######.#####
#.##.....# ##.## #.#
..##.##### #.# #.# ####.#
#.# #.# #÷#
#####.########.###### #.#
#.................... #.#
#...@####.##.#..##### #.#
#..#5.......#.......#
####.##
#...÷#######.##.###.#
......#######.#.## #.##.#
#.# ####..........#.#
#.##.# #.# ##.#######.#.#
#.##.# #.#
#.#######.#.########.##.#
#.#
#....................##.#
#.#
#########.#############.#
#.#


You could see a lemure (very poisoned).

Vanquished Creatures
  Sigmund (D:4)
  A lemure (D:4)
  A scorpion (D:4)
  A hound (D:4)
  A bombardier beetle (D:3)
  Ijyb (D:3)
  An orc wizard (D:3)
  6 adders
  4 dart slugs
  3 ribbon worms
  4 orcs
  6 ball pythons
  2 endoplasms (D:2)
  6 giant cockroaches
  6 goblins
  8 hobgoblins
  4 jackals (D:3)
  3 quokkas
  6 bats
  3 frilled lizards
  8 kobolds
  2 rats
78 creatures vanquished.

Vanquished Creatures (collateral kills)
  Edmund (D:4)
  An adder (D:4)
  3 orcs (D:4)
  2 goblins (D:3)
7 creatures vanquished.

Vanquished Creatures (others)
  An adder (D:3)
1 creature vanquished.

Grand Total: 86 creatures vanquished

Notes
Turn   | Place    | Note
-------+----------+-------------------------------------------
     0 | D:1      | Xavori the Djinni Chaos Knight began the quest for the Orb.
     0 | D:1      | Reached XP level 1. HP: 20/20 MP: 0/0
    89 | D:1      | Reached XP level 2. HP: 25/25 MP: 0/0
   254 | D:1      | XOM: silly message
   425 | D:1      | Reached XP level 3. HP: 28/30 MP: 0/0
   425 | D:1      | Learned a level 1 spell: Summon Small Mammal
   426 | D:1      | Reached skill level 1 in Spellcasting
   426 | D:1      | Reached skill level 1 in Conjurations
   426 | D:1      | Reached skill level 1 in Hexes
   426 | D:1      | Reached skill level 1 in Summonings
   426 | D:1      | Reached skill level 1 in Necromancy
   426 | D:1      | Reached skill level 1 in Translocations
   426 | D:1      | Reached skill level 1 in Fire Magic
   426 | D:1      | Reached skill level 1 in Ice Magic
   426 | D:1      | Reached skill level 1 in Air Magic
   426 | D:1      | Reached skill level 1 in Earth Magic
   426 | D:1      | Reached skill level 1 in Alchemy
   428 | D:1      | XOM: confuse monster(s)
   550 | D:1      | XOM: 4-stop teleportation journey
   770 | D:1      | XOM: god gift: 38 gold pieces
  2089 | D:1      | XOM: cloud trail
  2256 | D:1      | XOM: god gift: scroll labelled HOUGRU GIMN {god gift}
  2345 | D:1      | XOM: god gift: sharpened gold wand {god gift}
  2705 | D:1      | XOM: god gift: staff of death
  2891 | D:1      | XOM: scenery: summon butterflies
  3021 | D:1      | XOM: summons 1 hostile demon
  3819 | D:1      | XOM: give mutations
  3819 | D:1      | Gained mutation: Potions are less effective at restoring
                  | your health. [Xom's mischief]
  3819 | D:1      | Gained mutation: You are clumsy. (Dex -2) [Xom's mischief]
  4645 | D:1      | XOM is BORED!
  4645 | D:1      | XOM: summons 1 hostile shadow creature
  5144 | D:1      | XOM: scenery: summon butterflies
  5284 | D:1      | XOM: god gift: wand of charming (5)
  6361 | D:1      | XOM: silly message
  7109 | D:1      | XOM is BORED!
  7109 | D:1      | XOM: give mutations
  7109 | D:1      | Gained mutation: You occasionally shout uncontrollably at
                  | your foes. [Xom's mischief]
  7109 | D:1      | Gained mutation: You do not regenerate when monsters are
                  | visible. [Xom's mischief]
  7164 | D:1      | XOM: summons 1 hostile demon
  7680 | D:1      | XOM: cloud trail
  8082 | D:1      | XOM: divination: magic mapping
  8109 | D:1      | XOM: god gift: scroll labelled DIACEU GITIT {god gift}
  8207 | D:1      | XOM: scenery: create altars
  8373 | D:1      | XOM: god gift: 15 gold pieces
  8455 | D:1      | XOM: god gift: wand of light (8)
  8486 | D:1      | XOM: god gift: Xom's Compilation of Ethics {god gift}
  8687 | D:1      | XOM: scenery: create altars
  8895 | D:1      | Identified the ring of Red Wine {Wiz rC+ Str+3} (Xom gifted
                  | it to you on level 1 of the Dungeon)
  8895 | D:1      | XOM: god gift: ring of Red Wine {Wiz rC+ Str+3}
  9258 | D:2      | Reached XP level 4. HP: 34/35 MP: 0/0
  9375 | D:2      | XOM: fog
  9546 | D:2      | XOM: confuse monster(s)
  9602 | D:2      | Reached skill level 1 in Evocations
  9976 | D:3      | XOM: smoke on damage
  9999 | D:3      | XOM: cleaving
 10008 | D:3      | Reached XP level 5. HP: 25/40 MP: 0/0
 10008 | D:3      | Learned a level 2 spell: Jinxbite
 10018 | D:3      | XOM: 1-stop teleportation journey
 10139 | D:3      | Lost mutation: Potions are less effective at restoring your
                  | health. [potion of mutation]
 10139 | D:3      | Lost mutation: You do not regenerate when monsters are
                  | visible. [potion of mutation]
 10139 | D:3      | Lost mutation: You are clumsy. (Dex -2) [potion of
                  | mutation]
 10139 | D:3      | Gained mutation: You possess an exceptional clarity of
                  | mind. [potion of mutation]
 10139 | D:3      | Gained mutation: You are frail. (-10% HP) [potion of
                  | mutation]
 10139 | D:3      | Gained mutation: You have a somewhat thin skeletal
                  | structure. (Dex +2, Stealth+) [potion of mutation]
 10155 | D:3      | XOM: give mutations
 10155 | D:3      | Gained mutation: You have hidden genetic potential. [Xom's
                  | grace]
 10155 | D:3      | Gained mutation: You expend health (3 HP) to strengthen
                  | your wands. [Xom's grace]
 10155 | D:3      | Gained mutation: You are strong-willed. (Will+) [Xom's
                  | grace]
 10596 | D:3      | Reached XP level 6. HP: 41/41 MP: 0/0
 10603 | D:3      | XOM: 2-stop teleportation journey
 10663 | D:3      | Noticed Ijyb
 10667 | D:3      | XOM: cast spell 'Chain of Chaos'
 10677 | D:3      | XOM: summons 6 friendly demons
 10685 | D:3      | Killed Ijyb
 10702 | D:3      | Gained mutation: Your flesh is almost immune to the effects
                  | of heat. (rF+++) [hidden potential]
 10710 | D:3      | XOM: polymorph ufetubus -> crimson imp
 11048 | D:4      | Noticed Edmund
 11057 | D:4      | XOM: cast spell 'Summon Horrible Things'
 11063 | D:4      | Killed Edmund
 11064 | D:4      | Reached XP level 7. HP: 29/45 MP: 0/0
 11064 | D:4      | Learned a level 2 spell: Momentum Strike
 11073 | D:4      | Gained mutation: You have sharp fingernails. [hidden
                  | potential]
 11073 | D:4      | Lost mutation: You have hidden genetic potential. [hidden
                  | potential expressed]
 11074 | D:4      | XOM: give mutation
 11074 | D:4      | Gained mutation: You are highly strong-willed. (Will++)
                  | [Xom's mischief]
 11130 | D:4      | Noticed Sigmund
 11136 | D:4      | Killed Sigmund
 11137 | D:4      | Reached skill level 4 in Fighting
 11172 | D:4      | XOM: summons 7 friendly demons
 11341 | D:4      | Noticed Pikel
 11358 | D:4      | XOM: noise
 11359 | D:4      | XOM: 5-stop teleportation journey
 11364 | D:4      | XOM: stat loss: -1 Str (13/14)
 11366 | D:4      | XOM: summons 4 hostile demons
 11379 | D:3      | Slain by a lemure

Illustrated notes

Levels and vault maps discovered:
D:1:      psy_arrival_terrarium, layout_loops_corners
D:2:      layout_basic, kennysheep_boxes
D:3:      kennysheep_the_goblin_king, layout_loops_ring, grunt_decor_cap
D:4:      layout_gridville, serial_shops, nicolae_shop_tiny_real_fake_doors,
          uniq_edmund, uniq_pikel, uniq_sigmund

Skill      XL: |  1  2  3  4  5  6  7 |
---------------+----------------------+-----
Spellcasting   | 1 2 |  2.8
Conjurations   | 1 2 |  2.8
Hexes          | 1 2 |  2.8
Summonings     | 1 2 |  2.8
Necromancy     | 1 2 |  2.8
Translocations | 1 2 |  2.8
Fire Magic     | 1 2 |  2.8
Ice Magic      | 1 2 |  2.8
Air Magic      | 1 2 |  2.8
Earth Magic    | 1 2 |  2.8
Alchemy        | 1 2 |  2.8
Long Blades    | 3 |  3.7
Evocations     | 1 2 3 |  3.4
Armour         | 2 |  2.9
Dodging        | 3 |  3.8
Fighting       | 4 |  4.1

Action                     |  1- 3 |  4- 6 |  7- 9 || total
---------------------------+-------+-------+-------++-------
  Melee: Falchion          |    74 |   181 |    29 ||   284
   Cast: Jinxbite          |       |     1 |     1 ||     2
    Use: Scroll            |     2 |     5 |     1 ||     8
         Potion            |       |     4 |       ||     4
   Stab: Confused          |     1 |       |       ||     1
         Distracted        |       |     1 |       ||     1
         Sleeping          |       |     1 |       ||     1
 Armour: Leather armour    |    44 |   134 |    35 ||   213
         Skin              |       |     9 |       ||     9
  Dodge: Dodged            |    47 |   133 |    38 ||   218

Table legend: (Time is in decaauts)
 A = Elapsed time spent in this place.
 B = Non-inter-level travel time spent in this place.
 C = Inter-level travel time spent in this place.
 D = Time resting spent in this place.
 E = Time spent auto-exploring this place.
 F = Levels seen in this place.
 G = Mean time per level.
                   A        B        C        D        E       F      G
               +--------+--------+--------+--------+--------+-----+--------+
         Total |  11426 |  11275 |    151 |   8264 |   2312 |   4 | 2856.5 |
       Dungeon |  11426 |  11275 |    151 |   8264 |   2312 |   4 | 2856.5 |
               +--------+--------+--------+--------+--------+-----+--------+

Top non-repeatable levels by time:
     D:1: 8420 daAuts
     D:2: 1461 daAuts
     D:3: 1160 daAuts
     D:4: 382 daAuts
